 Dungeon Crawl Stone Soup version 0.29.0-11-gd7f09526c8 (webtiles) character file.

Game seed: 1883375196070647592

659 sanka the Changer (level 7, -1/53 HPs)
             Began as a Demigod Transmuter on Sept 6, 2022.
             Slain by a gnoll
             ... wielding a +3 halberd of venom
              (5 damage)
             ... on level 5 of the Dungeon.
             The game lasted 00:08:32 (7380 turns).

sanka the Changer (Demigod Transmuter)              Turns: 7380, Time: 00:08:33

Health: -1/53      AC:  2    Str: 11    XL:     7   Next: 8%
Magic:  7/13       EV: 20    Int: 23    God:
Gold:   174        SH:  0    Dex: 19    Spells: 4/10 levels left

rFire   . . .      SeeInvis .     - Unarmed
rCold   + . .      Faith    .   (shield currently unavailable)
rNeg    . . .      Spirit   .   (body armour currently unavailable)
rPois   x          Reflect  .   (helmet currently unavailable)
rElec   .          Harm     .   (cloak currently unavailable)
rCorr   .          Rampage  .   (gloves currently unavailable)
Will    .....                   (boots currently unavailable)
Stlth   ++........              (no amulet)
HPRegen 0.17/turn               (no ring)
MPRegen 0.13/turn               n - ring of protection from cold

@: lethally poisoned (-1 -> -13), spider-form, wereblooded
A: venomous fangs, tiny, high MP 1, forlorn, divine attributes
a: End Transformation


You were on level 5 of the Dungeon.
You were a venomous arachnid creature.
You visited 1 branch of the dungeon, and saw 5 of its levels.

You collected 174 gold pieces.


Innate Abilities, Weirdness & Mutations

You are a venomous arachnid creature.
You have poisonous fangs.
You are tiny and dextrous.
Your spellcasting is less reliable in this form.
Your armour is entirely melded.
You are incapable of wielding weapons or throwing items.
You have an increased reservoir of magic. (+10% MP)
You shall have no god before yourself.
Your divine heritage dramatically boosts your attributes as you level up.


   Skills:
 + Level 1.8 Fighting
 + Level 2.4 Dodging
 * Level 3.7 Unarmed Combat
 - Level 2.0 Spellcasting
 + Level 6.4 Transmutations


You had 4 spell levels left.
You knew the following spells:

 Your Spells              Type           Power      Damage    Failure   Level
x - Spider Form           Tmut/Pois      17%        N/A       26%         3
y - Wereblood             Tmut           32%        N/A       6%          2
z - Beastly Appendage     Tmut           64%        N/A       4%          1

Your spell library contained the following spells:

 Spells                   Type           Power      Damage    Failure   Level
 Freeze                   Ice            8%         1d3       30%         1
 Scorch                   Fire           4%         2d5       38%         2
 Sublimation of Blood     Necr           2%         N/A       38%         2
 Ice Form                 Ice/Tmut       17%        N/A       56%         4
 Petrify                  Tmut/Erth      17%        N/A       56%         4
 Frozen Ramparts          Ice            4%         1d1       58%         3
 Flame Wave               Conj/Fire      2%         2d4       90%         4
 Hailstorm                Conj/Ice       2%         3d3       90%         4
 Irradiate                Conj/Tmut      8%         3d14      85%         5
 Summon Cactus Giant      Summ           1%         N/A       100%        6

Inventory:

Armour
 a - a +0 robe (melded)
Magical Staves
 j - a staff of earth
Jewellery
 n - a ring of protection from cold (right front leg)
Wands
 m - a wand of flame (14)
Scrolls
 c - 3 scrolls of identify {unknown}
 d - a scroll of vulnerability {unknown}
 f - 2 scrolls of enchant armour {unknown}
 h - 2 scrolls of torment {unknown}
 k - a scroll of enchant weapon {unknown}
 o - 2 scrolls of teleportation {unknown}
 p - a scroll of fog {unknown}
Potions
 b - a potion of resistance {unknown}
 e - a potion of brilliance {unknown}
 g - a potion of flight {unknown}
 i - a potion of haste {unknown}
 l - a potion of magic {unknown}
 q - a potion of mutation {unknown}

Dungeon Overview and Level Annotations

Branches:
Dungeon (5/15)             Temple (0/1) D:4

Annotations:
D:2 1 runed translucent door, Crazy Yiuf, Sigmund
D:3 2 transporters, protoss039's ghost, amateur DsEE
D:4 exclusion: jelly

......▒...▒▒..........
..........▒▒▒.........
....▒▒.▒.........)....
▒▒....▒▒▒▒▒▒▒.........
▒.▒. ▒......▒▒▒ ▒ ▒.
▒▒▒▒....▒▒ ▒▒▒▒
▒...▒▒.▒▒▒...▒ .....
▒..........▒▒gl.##P
.......▒....sgZ.P##P
...▒▒▒▒▒▒▒▒.)▒g.###. ▒
▒..▒ ...## ▒.▒▒ ....
▒.▒ ..# ▒.. .▒ ▒.. ▒
▒..


You could see an iguana, 3 gnolls and an adder zombie.


Message History

You hit the gnoll.
The gnoll is almost dead.
You feel very sick.
The gnoll hits you from afar with a +3 halberd of venom!
You are more poisoned.
The gnoll misses you. The gnoll hits you with a +0 halberd.
An iguana comes into view.
You turn into a venomous arachnid creature.
You feel very sick. The gnoll completely misses you.
The gnoll barely misses you. The gnoll barely misses you.
Unknown command.
You hit the gnoll but do no damage.
The gnoll looks as sick as possible!
The gnoll is almost dead.
You feel very sick.
You kill the gnoll!
The gnoll misses you. The gnoll hits you with a +0 club.
* * * LOW HITPOINT WARNING * * *
You bite the gnoll!
The gnoll is poisoned.
The gnoll is severely wounded.
You feel very sick.
The gnoll hits you from afar with a +0 halberd!
* * * LOW HITPOINT WARNING * * *
The gnoll hits you from afar with a +3 halberd of venom.
You die...

Action                   |  1- 3 |  4- 6 |  7- 9 || total
-------------------------+-------+-------+-------++-------
Melee: Unarmed           |   142 |   175 |     8 ||   325
       Headbutt          |    12 |    10 |       ||    22
       Kick              |    34 |    17 |       ||    51
       Punch             |     3 |     2 |       ||     5
 Cast: Beastly Appendage |    30 |    20 |       ||    50
       Wereblood         |     2 |     1 |     1 ||     4
       Spider Form       |     1 |    11 |     1 ||    13
  Use: Potion            |       |     1 |       ||     1
 Stab: Sleeping          |     2 |     2 |       ||     4
Armor: Robe              |    15 |    13 |     1 ||    29
       Skin              |       |     4 |       ||     4
Dodge: Dodged            |    72 |   113 |    14 ||   199

Levels and vault maps discovered:
D:1:      dpeg_arrival_tiny_a, layout_rooms, st_stairs_2
D:2:      layout_basic, minmay_misc_feat_doors, hangedman_decor_clover_reticule,
          uniq_sigmund, uniq_crazy_yiuf_cottage
D:3:      layout_loops_cross, hellmonk_ecumenical_altar_pennies_from_heaven,
          gammafunk_ghost_arena, kennysheep_path_1, minmay_door_square,
          nrook_mini_backslash, uniq_jessica
D:4:      layout_loops_ring, lemuel_temple_firewalk_b, nrook_loot_triangle
D:5:      layout_cave_pools, serial_undead, serial_undead_a, serial_undead_d,
          serial_undead_e, serial_undead_d, serial_undead_b,
          chequers_serial_rivers_micro_a

Notes
Turn   | Place    | Note
-------+----------+-------------------------------------------
     0 | D:1      | sanka the Demigod Transmuter began the quest for the Orb.
     0 | D:1      | Reached XP level 1. HP: 15/15 MP: 5/5
   111 | D:1      | Reached skill level 2 in Spellcasting
   111 | D:1      | Reached skill level 2 in Transmutations
   396 | D:1      | Reached XP level 2. HP: 22/22 MP: 5/7
   684 | D:1      | Learned a level 2 spell: Wereblood
   998 | D:2      | Reached skill level 3 in Transmutations
  1629 | D:2      | Noticed Sigmund
  1678 | D:2      | Found a runed translucent door.
  1679 | D:2      | Noticed Crazy Yiuf
  1705 | D:2      | Reached XP level 3. HP: 17/27 MP: 6/8
  2634 | D:3      | Learned a level 3 spell: Spider Form
  2657 | D:3      | Noticed Jessica
  2842 | D:3      | HP: 1/27 [orc/+0 hand axe (5)]
  3173 | D:3      | Found a transporter.
  3411 | D:3      | Reached skill level 4 in Transmutations
  3411 | D:3      | Reached XP level 4. HP: 34/34 MP: 1/9
  3670 | D:3      | Found a transporter.
  3670 | D:3      | Noticed protoss039's ghost (amateur DsEE)
  4608 | D:3      | Killed Jessica
  4881 | D:4      | Reached skill level 5 in Transmutations
  4881 | D:4      | Reached XP level 5. HP: 28/39 MP: 8/10
  5298 | D:4      | Noticed an ogre
  5310 | D:4      | Killed an ogre
  5712 | D:4      | Found a staircase to the Ecumenical Temple.
  6368 | D:5      | Entered Level 5 of the Dungeon
  6565 | D:5      | Reached skill level 6 in Transmutations
  6565 | D:5      | Reached XP level 6. HP: 46/46 MP: 7/11
  6614 | D:5      | Reached skill level 1 in Fighting
  6816 | D:4      | HP: 4/47 [acid (6)]
  6818 | D:4      | Reached skill level 2 in Dodging
  6818 | D:4      | Reached skill level 3 in Unarmed Combat
  7370 | D:5      | Reached XP level 7. HP: 50/53 MP: 11/13
  7380 | D:5      | HP: 4/53 [gnoll/+0 halberd (14)]
  7380 | D:5      | Slain by a gnoll

Vanquished Creatures
  An ogre (D:4)
  4 water moccasin zombies (D:5)
  A howler monkey (D:5)
  2 hounds
  A jelly (D:4)
  A bullfrog skeleton (D:5)
  Jessica (D:3)
  An orc wizard (D:3)
  3 adders
  A gnoll (D:5)
  2 ufetubi (D:4)
  2 dart slugs
  8 orcs
  9 endoplasms
  A giant cockroach (D:2)
  9 goblins
  10 hobgoblins
  2 jackals (D:5)
  7 quokkas
  6 ball pythons
  5 bats
  3 frilled lizards
  7 kobolds
  6 rats
93 creatures vanquished.

Vanquished Creatures (others)
  A fungus (D:2)
1 creature vanquished.

Grand Total: 94 creatures vanquished
